Map: Ultralove

Players

llllllllllll - Winner!

  • Race: Terran Terran
  • League: Platinum
  • Spawn Location: 1:00

llllllllll

  • Race: Zerg Zerg
  • League: Platinum
  • Spawn Location: 7:00

VOD

Have the link to the VOD?

Description

Time

  • Played on: April 25, 2025, 5:18 a.m.
  • Length: 4:59
Show
View Real Time Build Order
Export as new Build Order

llllllllllll Terran - Winner!

Build Orders:  

Get SALT Encoding   

  12  0:00  SCV  
  13  0:12  SCV  
  14  0:24  SCV  
  14  0:27  Supply Depot  
  15  0:49  Barracks  
  16  0:54  Barracks  
  15  1:06  Barracks  
  15  1:36  Marine  
  15  1:39  Barracks  
  16  1:41  Marine  
  16  1:42  Supply Depot  
  17  1:52  Marine  
  17  1:54  Marine  
  19  1:59  Marine  
  20  2:10  Marine  
  20  2:11  Marine  
  22  2:16  Marine  
  23  2:25  Marine  
  23  2:28  Marine  
  23  2:29  Marine  
  26  2:34  Marine  
  27  2:43  Marine  
  28  2:46  Marine  
  28  2:47  Marine  
  29  2:52  Marine  
  27  3:01  Marine  
  27  3:04  Marine  
  27  3:05  Marine  
  29  3:10  Marine  
  25  3:19  Marine  
  24  3:21  Marine  
  24  3:23  Marine  
  22  3:28  Marine  
  20  3:36  Marine  
  20  3:39  Marine  
  20  3:40  Marine  
  23  3:46  Marine  
  23  3:54  Marine  
  22  3:57  Marine  
  22  3:58  Marine  
  24  4:03  Marine  
Show
View Real Time Build Order
Export as new Build Order

llllllllll Zerg 

Build Orders: Hatch First 

Get SALT Encoding   

  12  0:00  Drone  
  13  0:13  Overlord  
  13  0:16  Drone  
  14  0:31  Drone x2  
  14  0:34  Drone  
  17  0:51  Hatchery  
  17  0:53  Drone  
  17  0:58  Drone  
  18  1:11  Spawning Pool  
  18  1:13  Extractor  
  18  1:15  Drone  
  17  1:18  Drone  
  18  1:30  Drone  
  19  2:01  Spine Crawler  
  18  2:02  Spine Crawler  
  18  2:04  Spine Crawler  
  18  2:05  Queen  
  18  2:07  Queen  
  20  2:17  Metabolic Boost  
  20  2:20  Drone  
  21  2:35  Zergling x4  
  21  2:36  Zergling x2  
  24  2:47  Zergling x4  
  24  2:48  Zergling x2  
  26  3:02  Zergling x4  
  26  3:03  Zergling x2  
  26  3:04  Zergling x2  
  26  3:08  Zergling x2  
  26  3:14  Zergling x2  
  26  3:19  Zergling x2  
  26  3:22  Zergling x2  
  26  3:33  Zergling x4  
  24  3:48  Overlord x2  
  21  3:56  Overlord  
  21  4:03  Baneling Nest  
  20  4:11  Zergling x6  
  20  4:13  Zergling x2  
  22  4:25  Zergling x6  
Tags
 
Matchup
TvZ
Replay Pack
kreditionep2
Spawn Locations
Cross Positions
Add a new tag
Caveats
  • Supply blocks, unpowered buildings, or Contaminate may cause inaccurate times.
  • Supply counts are checked every 10 seconds.